 Dungeon Crawl Stone Soup version 0.30-a0-170-g85af917532 (webtiles) character file.

Game seed: 9753898844414931869

104 qw the Chopper (level 4, -1/28 HPs)
             Began as a Gargoyle Fighter on Sept 30, 2022.
             Slain by Sigmund
             ... wielding a +0 scythe
              (3 damage)
             ... on level 2 of the Dungeon.
             The game lasted 00:00:54 (2059 turns).

qw the Chopper (Gargoyle Fighter)                   Turns: 2059, Time: 00:00:55

Health: -1/28      AC: 12    Str: 22    XL:     4   Next: 80%
Magic:  4/4        EV:  7    Int:  8    God:
Gold:   80         SH:  4    Dex:  9    Spells: 3/3 levels left

rFire   . . .      SeeInvis .    Y - +0 war axe
rCold   . . .      Faith    .    c - +0 buckler
rNeg    + . .      Spirit   .    l - +0 chain mail
rPois   inf        Reflect  .    (no helmet)
rElec   +          Harm     .    (no cloak)
rCorr   .          Rampage  .    (no gloves)
Will    .....                    (no boots)
Stlth   ..........               (no amulet)
HPRegen 0.09/turn                (no ring)
MPRegen 0.09/turn                (no ring)

@: no status effects
A: sickness immunity, AC +3, negative energy resistance 1, electricity
resistance, torment resistance 1, petrification resistance
a: no special abilities


You were on level 2 of the Dungeon.
You visited 1 branch of the dungeon, and saw 2 of its levels.

You collected 113 gold pieces.
You spent 33 gold pieces at shops.


Innate Abilities, Weirdness & Mutations

You are immune to sickness and miasma.
Your stone body is resilient. (AC +3)
You are immune to poison.
You resist negative energy. (rN+)
You are resistant to electric shocks. (rElec)
You are resistant to unholy torment.
You are immune to petrification.


   Skills:
 - Level 3.2 Fighting
 + Level 4.4 Axes
 - Level 3.2 Armour
 - Level 3.2 Shields


You had 3 spell levels left.
You didn't know any spells.
Your spell library was empty.

Inventory:

Hand Weapons
 b - a +0 mace
 Y - a +0 war axe (weapon)
Armour
 c - a +0 buckler (worn)
 l - a +0 chain mail (worn)
Jewellery
 f - a ring of wizardry
Scrolls
 a - a scroll of identify
 e - 2 scrolls of brand weapon {unknown}
Potions
 d - 2 potions of might
 g - a potion of curing
 h - a potion of haste
 j - a potion of attraction
 k - a potion of invisibility {unknown}
 n - a potion of heal wounds {unknown}

Dungeon Overview and Level Annotations

Branches:
Dungeon (2/15)

Altars:

Shops:
D:1 !

Annotations:
D:2 Sigmund


Message History

The magic dart hits you but does no damage.
2040 ||| Stepping ~*~*~tactically~*~*~ (hiding).
2041 ||| Stepping ~*~*~tactically~*~*~ (hiding).
2042 ||| Stepping ~*~*~tactically~*~*~ (hiding).
2043 ||| Stepping ~*~*~tactically~*~*~ (hiding).
2044 ||| Stepping ~*~*~tactically~*~*~ (hiding).
2045 ||| Stepping ~*~*~tactically~*~*~ (hiding).
You start waiting.
Sigmund is nearby!
Sigmund giggles. "Time to reap what you sow."
Sigmund barely misses you.
You hit Sigmund.
Sigmund is lightly wounded.
Sigmund gestures at you while chanting. The magic dart hits you!
Sigmund closely misses you.
You hit Sigmund but do no damage.
Sigmund is lightly wounded.
You block Sigmund's attack.
You hit Sigmund but do no damage.
Sigmund is lightly wounded.
You closely miss Sigmund.
Sigmund is lightly wounded.
Sigmund closely misses you.
You barely miss Sigmund.
Sigmund is lightly wounded.
Sigmund hits you with a +0 scythe!
You slash Sigmund!
Sigmund is severely wounded.
Sigmund hits you with a +0 scythe.
You closely miss Sigmund.
Sigmund is severely wounded.
Sigmund points at you and mumbles some strange words.
You resist with some effort.
You hit Sigmund but do no damage.
Sigmund is severely wounded.
Sigmund hits you with a +0 scythe.
You hit Sigmund but do no damage.
Sigmund is severely wounded.
Sigmund hits you with a +0 scythe.
You die...

.# .######## ........# #.#
####.##.# #.# #.##.# #.# #
#.##.########## #.# ##
#.##..........# ###.###
.###.##.########@####.....#
.....##.# #.).@.........#
.######.# #.##.####.....# ## #.#
#.##...<......# #
#.#####%##..........#
#######..............##.#.#
...........##.##.....##.#.#
.########.....##.....##.#.#######
.# #..####.................. .#
#..# #..............####


You could see Sigmund.

Vanquished Creatures
  4 adders (D:2)
  5 dart slugs
  3 ball pythons (D:2)
  3 endoplasms
  5 giant cockroaches
  7 goblins
  5 hobgoblins
  5 jackals (D:1)
  4 kobolds (D:1)
  3 quokkas
  4 bats (D:1)
  2 frilled lizards (D:1)
  3 rats
53 creatures vanquished.

Notes
Turn   | Place    | Note
-------+----------+-------------------------------------------
     0 | D:1      | qw the Gargoyle Fighter began the quest for the Orb.
     0 | D:1      | Reached XP level 1. HP: 14/14 MP: 1/1
     0 | D:1      | 0 ||| qw: Version: 0.2-a-13-gfc7b4b4
     0 | D:1      | 0 ||| qw: Game counter: 1683
     0 | D:1      | 0 ||| qw: Always use a shield: true
     0 | D:1      | 0 ||| qw: God list: Okawaru
     0 | D:1      | 0 ||| qw: Allow faded altars: false
     0 | D:1      | 0 ||| qw: Do Orc after D:15 true
     0 | D:1      | 0 ||| qw: Do second Lair branch before Depths: true
     0 | D:1      | 0 ||| qw: Lair rune preference: random
     0 | D:1      | 0 ||| qw: Plans: Normal, Zot:1-4, God:TSO, Crypt, Tomb,
                  | Pan, Slime:5, Hells, Abyss, Orb
     0 | D:1      | 0 ||| PLANNING D:1-11
    38 | D:1      | Reached skill level 2 in Axes
   158 | D:1      | Reached XP level 2. HP: 19/19 MP: 2/2
   202 | D:1      | 202 ||| Stepping ~*~*~tactically~*~*~ (hiding).
   204 | D:1      | 204 ||| Stepping ~*~*~tactically~*~*~ (stealth).
   205 | D:1      | 205 ||| Stepping ~*~*~tactically~*~*~ (hiding).
   258 | D:1      | 258 ||| Stepping ~*~*~tactically~*~*~ (stealth).
   260 | D:1      | 260 ||| Stepping ~*~*~tactically~*~*~ (stealth).
   279 | D:1      | 279 ||| Stepping ~*~*~tactically~*~*~ (stealth).
   321 | D:1      | Reached skill level 3 in Axes
   365 | D:1      | 365 ||| Stepping ~*~*~tactically~*~*~ (hiding).
   374 | D:1      | Reached XP level 3. HP: 23/23 MP: 3/3
   574 | D:1      | Found Jeihaim's Distillery.
   580 | D:1      | 580 ||| BUYING potion of attraction (33 gold).
   580 | D:1      | Bought a potion of attraction for 33 gold pieces
   580 | D:1      | 580 ||| SHOPLISTING potion of curing (33 gold, have 9).
   580 | D:1      | 580 ||| SHOPLISTING potion of haste (110 gold, have 9).
   580 | D:1      | 580 ||| SHOPLISTING potion of heal wounds (55 gold, have
                  | 9).
   580 | D:1      | 580 ||| SHOPLISTING potion of resistance (110 gold, have
                  | 9).
   769 | D:1      | 769 ||| Stepping ~*~*~tactically~*~*~ (stealth).
   976 | D:1      | 976 ||| UPGRADING to +0 chain mail.
   986 | D:1      | 986 ||| DROPPING +0 scale mail.
   987 | D:1      | 987 ||| READING 3 scrolls labelled LUCOPPU TU QEPH.
   988 | D:1      | 988 ||| READING 3 scrolls labelled OCKACH ITZOIX.
   989 | D:1      | 989 ||| DRINKING 2 golden potions.
   990 | D:1      | 990 ||| READING 2 scrolls of identify.
   990 | D:1      | 990 ||| IDENTIFYING bubbling coppery potion
   991 | D:1      | 991 ||| DROPPING 2 scrolls of summoning.
  1008 | D:2      | 1008 ||| STAIRDANCE
  1013 | D:2      | 1013 ||| STAIRDANCE
  1094 | D:2      | 1094 ||| STAIRDANCE
  1130 | D:2      | 1130 ||| DROPPING +0 club.
  1132 | D:2      | 1132 ||| Stepping ~*~*~tactically~*~*~ (stealth).
  1315 | D:2      | 1315 ||| Stepping ~*~*~tactically~*~*~ (stealth).
  1316 | D:2      | 1316 ||| Stepping ~*~*~tactically~*~*~ (stealth).
  1323 | D:2      | Reached XP level 4. HP: 28/28 MP: 4/4
  1387 | D:2      | Reached skill level 4 in Axes
  1407 | D:2      | Noticed Sigmund
  1417 | D:2      | 1417 ||| FLEEEEING.
  1418 | D:2      | 1418 ||| FLEEEEING.
  1419 | D:2      | 1419 ||| FLEEEEING.
  1420 | D:2      | 1420 ||| FLEEEEING.
  1421 | D:2      | 1421 ||| FLEEEEING.
  1422 | D:2      | 1422 ||| FLEEEEING.
  1423 | D:2      | 1423 ||| FLEEEEING.
  1424 | D:2      | 1424 ||| FLEEEEING.
  1425 | D:2      | 1425 ||| FLEEEEING.
  1426 | D:2      | 1426 ||| FLEEEEING.
  1427 | D:2      | 1427 ||| FLEEEEING.
  1428 | D:2      | 1428 ||| FLEEEEING.
  1429 | D:2      | 1429 ||| FLEEEEING.
  1430 | D:2      | 1430 ||| FLEEEEING.
  1431 | D:2      | 1431 ||| FLEEEEING.
  1432 | D:2      | 1432 ||| FLEEEEING.
  1433 | D:2      | 1433 ||| FLEEEEING.
  1434 | D:2      | 1434 ||| FLEEEEING.
  1435 | D:2      | 1435 ||| STAIRDANCE
  1467 | D:1      | 1467 ||| DROPPING +6 ring of intelligence.
  1468 | D:1      | 1468 ||| DROPPING ring of flight.
  1469 | D:1      | 1469 ||| READING scroll labelled UDDOYNL LAPAN.
  1474 | D:1      | 1474 ||| READING scroll labelled YSURUINOEPS.
  1500 | D:2      | Found a faded altar of an unknown god.
  1501 | D:2      | Noticed a floating eye
  1505 | D:2      | Noticed a great orb of eyes
  1506 | D:2      | Noticed a great orb of eyes
  1506 | D:2      | Noticed an eye of devastation
  1622 | D:2      | 1622 ||| Stepping ~*~*~tactically~*~*~ (hiding).
  2040 | D:2      | 2040 ||| Stepping ~*~*~tactically~*~*~ (hiding).
  2041 | D:2      | 2041 ||| Stepping ~*~*~tactically~*~*~ (hiding).
  2042 | D:2      | 2042 ||| Stepping ~*~*~tactically~*~*~ (hiding).
  2043 | D:2      | 2043 ||| Stepping ~*~*~tactically~*~*~ (hiding).
  2044 | D:2      | 2044 ||| Stepping ~*~*~tactically~*~*~ (hiding).
  2045 | D:2      | 2045 ||| Stepping ~*~*~tactically~*~*~ (hiding).
  2056 | D:2      | HP: 6/28 [Sigmund/+0 scythe (4)]
  2058 | D:2      | HP: 2/28 [Sigmund/+0 scythe (5)]
  2059 | D:2      | Slain by Sigmund

Levels and vault maps discovered:
D:1:      giann_bridges, layout_loops_ring, serial_shops, shop
D:2:      layout_loops_ring, hellmonk_ecumenical_altar_watching_god,
          st_stairs_14, uniq_sigmund

Skill      XL: |  1  2  3  4 |
---------------+-------------+-----
Axes           | 2 3 4 |  4.4
Fighting       | |  3.2
Armour         | |  3.2
Shields        | |  3.2

Action                   |  1- 3 |  4- 6 || total
-------------------------+-------+-------++-------
Melee: War axe           |   112 |    58 ||   170
  Use: Scroll            |     3 |     2 ||     5
       Potion            |     1 |       ||     1
Armor: Scale mail        |    52 |       ||    52
       Chain mail        |    23 |    38 ||    61
Dodge: Dodged            |    49 |    21 ||    70
Block: Buckler           |    25 |     6 ||    31

Table legend:
 A = Non-vault XP
 B = Vault XP
 C = Vault XP percentage of total XP
 D = Non-vault monster count
 E = Vault monster count
 F = Vault count percentage of total count
                 A         B        C        D         E       F
            +---------+---------+-------+---------+---------+-------
      Total |     145 |       4 |   2.7 |      51 |       2 |   3.8
            +---------+---------+-------+---------+---------+-------
        D:1 |      52 |       4 |   7.1 |      28 |       2 |   6.7
        D:2 |      93 |       0 |   0.0 |      23 |       0 |   0.0
            +---------+---------+-------+---------+---------+-------
